 Dungeon Crawl Stone Soup version 0.18-a0-1575-g920359c (webtiles) character file.

471 namelastname112 the Martial Artist (level 6, 0/76 HPs)
             Began as a Draconian Monk on Mar 16, 2016.
             Shot with an arrow by a centaur (5 damage)
             ... on level 5 of the Dungeon.
             The game lasted 00:05:51 (3241 turns).

namelastname112 the Martial Artist (Draconian Monk) Turns: 3241, Time: 00:05:51

Health: 0/76       AC: 23    Str: 11 (13) XL:     6   Next: 83%
Magic:  6/6        EV:  2    Int: 10 (11) God:
Gold:   138        SH:  0    Dex: 13 (15) Spells: 0 memorised, 5 levels left

rFire  + . .     SeeInvis .     k - +2 short sword (elec)
rCold  . . .     Gourm    .     (armour unavailable)
rNeg   + + +     Faith    .     (no shield)
rPois  +         Spirit   .     (helmet currently unavailable)
rElec  .         Dismiss  .     (cloak currently unavailable)
rCorr  .         Reflect  .     (gloves currently unavailable)
SustAt .         Harm     .     (boots currently unavailable)
MR     .....     NoTele   +     (no amulet)
Stlth  ++........               (no ring)
                                s - ring of protection from fire

@: tree-form, very slightly contaminated, hasted, very quick, not resistant to
hostile enchantments, unstealthy
A: unfitting armour, (cold-blooded), AC +6
a: no special abilities


You were on level 5 of the Dungeon.
You were not hungry.
You were a tree.
You visited 1 branch of the dungeon, and saw 5 of its levels.

You collected 138 gold pieces.

Inventory:

Hand Weapons
 k - a +2 short sword of electrocution (weapon)
Armour
 i - a +0 cloak (melded)
 t - a +0 buckler of positive energy
Jewellery
 s - a ring of protection from fire (left branch)
Wands
 l - a wand of random effects (19/48)
 u - a wand of random effects (45/48)
Scrolls
 b - 3 scrolls of identify
 c - a scroll of remove curse {unknown}
 d - 4 scrolls of teleportation
 f - 4 scrolls of blinking {unknown}
 g - a scroll of magic mapping {unknown}
 h - 3 scrolls of amnesia {unknown}
 m - 2 scrolls of noise {unknown}
 n - a scroll of random uselessness {unknown}
 o - a scroll of fear {unknown}
 r - a scroll of recharging
Potions
 p - 3 potions of degeneration
Comestibles
 a - 3 bread rations
 x - a meat ration


   Skills:
 - Level 3.2 Fighting
 - Level 2.6 Dodging
 - Level 1.7 Stealth
 + Level 8.3 Unarmed Combat


You had 5 spell levels left.
You didn't know any spells.

Dungeon Overview and Level Annotations

Branches:
Dungeon (5/15)
 Temple: D:4-7

Altars:
Cheibriados
Makhleb
Trog
Yredelemnul


Innate Abilities, Weirdness & Mutations

((Your plain brown scales are hard (AC +6).))
Your body does not fit into most forms of armour.
((You are cold-blooded and may be slowed by cold attacks.))


Message History

d - 4 scrolls of teleportation The orc hits you but does no damage.
The centaur shoots an arrow.
The arrow hits you but does no damage. The orc hits you but does no damage.
Read which item? (? for menu, Esc to quit)
As you read the scroll labeled SADWEX WALIK, it crumbles to dust.
It is a scroll of recharging.
Charge which item? (? for menu, Esc to quit)
Your wand of random effects glows for a moment.
The orc hits you but does no damage.
The centaur shoots an arrow.
The arrow hits you but does no damage. The orc hits you but does no damage.
Evoke which item? (* to show all) (? for menu, Esc to quit)
Zapping:
u - a wand of random effects {recharged} (will waste charges)
Press: ? - help, Shift-Dir - straight line, f - centaur
Aim: a centaur, wielding a shortbow The bolt of fire hits the centaur.
The centaur is heavily wounded.
Evoking this partially-identified wand wasted a few charges.
The orc hits you but does no damage.
The centaur shoots an arrow.
The arrow hits you.
You die...

############
#...........
#...........
#...(...c...
#..(........
##########
#..o♣.......
.........#
#..oo...####
##>......# #.......#
#.......# #.......+
#...>...#####......#
#......(....#......#
##...........#......#
.#...........#......#
.+...........#......#


You could see a centaur and 3 orcs.

Vanquished Creatures
  Edmund (D:4)
  A scorpion (D:5)
  A crimson imp (D:5)
  2 hounds
  An orc priest (D:5)
  An iguana (D:5)
  4 gnolls (D:5)
  4 adders
  An ooze (D:2)
  A worm (D:2)
  2 dart slugs (D:1)
  2 giant geckos
  2 orcs
  6 giant cockroaches
  8 goblins
  11 hobgoblins
  A jackal (D:2)
  7 kobolds
  4 quokkas
  6 bats
  3 giant newts
  A jackal skeleton (D:4)
  6 rats
76 creatures vanquished.

Notes
Turn   | Place    | Note
--------------------------------------------------------------
     0 | D:1      | namelastname112 the Draconian Monk began the quest for the Orb.
     0 | D:1      | Reached XP level 1. HP: 19/19 MP: 1/1
   337 | D:1      | Reached XP level 2. HP: 26/26 MP: 2/2
   941 | D:2      | Reached skill level 5 in Unarmed Combat
   941 | D:2      | Reached XP level 3. HP: 29/31 MP: 3/3
  1112 | D:2      | Found a basalt altar of Yredelemnul.
  1772 | D:3      | Reached XP level 4. HP: 33/38 MP: 4/4
  2272 | D:3      | Reached skill level 6 in Unarmed Combat
  2346 | D:4      | Noticed Edmund
  2353 | D:4      | Killed Edmund
  2353 | D:4      | Reached skill level 7 in Unarmed Combat
  2353 | D:4      | Reached XP level 5. HP: 42/45 MP: 5/5
  2407 | D:4      | Found a burning altar of Makhleb.
  2845 | D:5      | Entered Level 5 of the Dungeon
  2855 | D:5      | Reached XP level 6. HP: 51/51 MP: 6/6
  2963 | D:5      | Found a bloodstained altar of Trog.
  3075 | D:5      | Reached skill level 8 in Unarmed Combat
  3162 | D:5      | Found a snail-covered altar of Cheibriados.
  3217 | D:5      | HP: 2/51 [orc (4)]
  3241 | D:5      | Shot with an arrow by a centaur

Vault maps used:
D:1:      elethiomel_arrival_shortcut, serial_glass, glass_columns_a,
          glass_columns_a, glass_columns_a, glass_columns_a
D:2:      lemuel_coloured_pillars_altar, first_bread
D:3:      minmay_misc_feat_square
D:4:      bloody_makhleb, uniq_edmund
D:5:      kennysheep_mini, lemuel_round_altar, basic_altar

Skill      XL: |  1  2  3  4  5  6 |
---------------+-------------------+-----
Unarmed Combat | 5 7 8 |  8.3
Fighting       | |  3.2
Dodging        | |  2.6
Stealth        | |  1.7

Action                   |  1- 3 |  4- 6 || total
-------------------------+-------+-------++-------
Melee: Unarmed           |    48 |       ||    48
       Short sword       |    65 |   104 ||   169
Evoke: Wand              |       |     1 ||     1
  Use: Potion            |       |     7 ||     7
       Scroll            |       |     2 ||     2
 Stab: Sleeping          |     5 |     2 ||     7
  Eat: Chunk             |     1 |     5 ||     6
       Beef jerky        |     1 |       ||     1
